 Dungeon Crawl Stone Soup version 0.31-a0-851-g7ff8af7976 (webtiles) character file.

Game seed: 16456174919271179986

258852 DocEon the Archmage (level 19, -14/100 HPs)
             Began as a Deep Elf Conjurer on Oct 6, 2023.
             Was the Champion of Vehumet.
             Demolished by a war gargoyle
             ... wielding a +0 flail
              (18 damage)
             ... on level 2 of the Vaults.
             The game lasted 01:30:21 (45949 turns).

DocEon the Archmage (Deep Elf Conjurer)            Turns: 45949, Time: 01:30:21

Health: -14/100    AC: 17    Str:  4    XL:     19   Next: 13%
Magic:  16/52      EV: 19    Int: 42    God:    Vehumet [******]
Gold:   1173       SH:  6    Dex: 13    Spells: 8/72 levels left

rFire   + + +        a - +9 lance "Wyrmbane" {slay drac, rPois rF+ rC+ AC+3}
rCold   + + +        z - +1 buckler {rF+}
rNeg    + + .        q - +0 leather armour of Fedhas's Vengeance {rElec Int+4}
rPois   +            R - +2 helmet
rElec   +            Z - scarf {rC+ rF+}
rCorr   +            W - +4 pair of gloves "Neatos" {Drain rC+ rN++ rCorr}
SInv    .            r - +2 pair of boots
Will    +....        v - amulet of magic regeneration
Stlth   +++          P - +5 ring of evasion
HPRegen 0.36/turn    O - +6 ring of intelligence
MPRegen 0.73/turn

%: no passive effects
@: studying Armour
A: no striking features
}: 2/15 runes: barnacled, gossamer
a: Renounce Religion


You were on level 2 of the Vaults.
You worshipped Vehumet.
Vehumet was exalted by your worship.
You visited 7 branches of the dungeon, and saw 33 of its levels.
You visited 1 bazaar.
You also visited: Bailey.

You collected 5674 gold pieces.
You spent 4501 gold pieces at shops.

Inventory:

Hand Weapons
 a - the +9 lance "Wyrmbane" (weapon) {slay drac, rPois rF+ rC+ AC+3}
   (You acquired it in a bazaar)

   AC+3:      It affects your AC (+3).
   rF+:       It protects you from fire.
   rC+:       It protects you from cold.
   rPois:     It protects you from poison
 n - a +2 dagger of venom
Missiles
 B - 4 throwing nets
Armour
 q - the +0 leather armour of Fedhas's Vengeance (worn) {rElec Int+4}
   (You found it on level 1 of the Shoals)

   Int+4:     It affects your intelligence (+4).
   rElec:     It insulates you from electricity.
 r - a +2 pair of boots (worn)
 t - the +0 pair of gloves of the Doldrums {rC+ Will+ Str+3}
   (You found it on level 7 of the Dungeon)

   Str+3:     It affects your strength (+3).
   rC+:       It protects you from cold.
   Will+:     It increases your willpower.
 x - a +2 robe of resistance
 z - a +1 buckler of fire resistance (worn)
 I - the +1 pair of gloves of Fortitude {rF+ Str-3 SInv}
   (You found it on level 4 of the Shoals)

   Str-3:     It affects your strength (-3).
   rF+:       It protects you from fire.
   SInv:      It lets you see invisible.
 R - a +2 helmet (worn)
 W - the +4 pair of gloves "Neatos" (worn) {Drain rC+ rN++ rCorr}
   (You found it on level 1 of the Vaults)

   rC+:       It protects you from cold.
   rN++:      It greatly protects you from negative energy.
   rCorr:     It protects you from acid and corrosion.
   Drain:     It drains your maximum health when unequipped.
 Z - a scarf of resistance (worn)
Magical Staves
 l - a staff of cold
 A - a staff of air
Jewellery
 c - a +4 ring of slaying
 f - a ring of flight
 v - an amulet of magic regeneration (around neck)
 L - a ring of protection from fire
 O - a +6 ring of intelligence (right hand)
 P - a +5 ring of evasion (left hand)
Wands
 p - a wand of acid (6)
 C - a wand of paralysis (23)
 D - a wand of digging (3)
 J - a wand of flame (8)
 K - a wand of mindburst (11)
 V - a wand of roots (11)
Scrolls
 g - 4 scrolls of revelation
 h - 19 scrolls of teleportation
 m - 6 scrolls of enchant weapon
 w - 4 scrolls of poison
 y - 22 scrolls of identify
 E - 3 scrolls of fog
 Q - 12 scrolls of enchant armour
 S - 4 scrolls of blinking
 U - 2 scrolls of amnesia
 X - 3 scrolls of fear
 Y - a scroll of brand weapon
Potions
 b - 6 potions of magic
 d - 12 potions of curing
 e - 2 potions of enlightenment
 i - 6 potions of brilliance
 j - 3 potions of might
 k - 5 potions of mutation
 o - 12 potions of heal wounds
 s - 7 potions of ambrosia
 u - 3 potions of lignification
 F - 2 potions of resistance
 G - a potion of attraction
 H - 2 potions of cancellation
 M - 3 potions of berserk rage
 N - 9 potions of haste
 T - a potion of invisibility


   Skills:
 - Level 5.0 Fighting
 - Level 6.0 Polearms
 - Level 10.0 Dodging
 - Level 5.0 Stealth
 + Level 6.6 Shields
 O Level 27 Spellcasting
 * Level 21.6 Conjurations
 - Level 5.0 Hexes
 - Level 4.0 Translocations
 * Level 13.2 Fire Magic
 - Level 4.0 Air Magic


You had 8 spell levels left.
You knew the following spells:

 Your Spells              Type           Power      Damage    Failure   Level
a - Magic Dart            Conj           100%       1d8       0%          1
b - Searing Ray           Conj           100%       2d8       0%          2
c - Fulminant Prism       Conj/Hex       53%        3d22      1%          4
d - Iskenderun's Mystic   Conj/Tloc      100%       2d19      1%          4
e - Tukima's Dance        Hex            78%        N/A       1%          3
f - Sigil of Binding      Hex            78%        N/A       1%          3
g - Brom's Barrelling Bo  Conj/Erth      99%        2d11      1%          4
h - Static Discharge      Conj/Air       100%       2-7/arc   0%          2
i - Airstrike             Air            37%        2d(6-22)  1%          4
j - Irradiate             Conj/Tmut      49%        3d28      1%          5
k - Starburst             Conj/Fire      58%        6d15      1%          6
l - Iskenderun's Battles  Conj           100%       2d15      0%          5
m - Fireball              Conj/Fire      58%        3d22      0%          5
n - Orb of Destruction    Conj           63%        9d15      1%          7
o - Fire Storm            Conj/Fire      58%        8d15      17%         9

Your spell library contained the following spells:

 Spells                   Type           Power      Damage    Failure   Level
 Ignition                 Fire           53%        3d15      7%          8
 Polar Vortex             Ice            27%        12d3*     100%        9
 Foxfire                  Conj/Fire      100%       2x1d9     0%          1
 Kiss of Death            Conj/Necr      100%       2d13      0%          1
 Dazzling Flash           Conj/Hex       100%       N/A       0%          3
 Apportation              Tloc           100%       N/A       1%          1
 Necrotise                Necr           100%       1d9       1%          1
 Sandblast                Erth           100%       2d20      1%          1
 Slow                     Hex            100%       N/A       1%          1
 Sting                    Tmut/Pois      100%       1d8       1%          1
 Summon Small Mammal      Summ           100%       N/A       1%          1
 Jinxbite                 Hex            100%       N/A       1%          2
 Passwall                 Tmut/Erth      45%        N/A       1%          2
 Poisonous Vapours        Pois/Air       100%       N/A       1%          2
 Confusing Touch          Hex            78%        N/A       1%          3
 Gell's Gravitas          Tloc           74%        N/A       1%          3
 Inner Flame              Hex/Fire       93%        N/A       1%          3
 Mephitic Cloud           Conj/Pois/Air  91%        N/A       1%          3
 Stone Arrow              Conj/Erth      100%       3d13      1%          3
 Teleport Other           Tloc           74%        N/A       1%          3
 Passage of Golubria      Tloc           74%        N/A       1%          4
 Freezing Cloud           Conj/Ice/Air   45%        6-21      1%          5
 Conjure Ball Lightning   Conj/Air       52%        3x3d18    1%          6
 Plasma Beam              Fire/Air       46%        2x1d60    1%          6
 Vampiric Draining        Necr           54%        2d9       2%          3
 Olgreb's Toxic Radiance  Pois           54%        N/A       2%          4
 Yara's Violent Unravell  Hex/Tmut       33%        3d14      2%          5
 Summon Lightning Spire   Summ/Air       65%        N/A       3%          4
 Dispel Undead            Necr           54%        3d20      9%          4
 Summon Ice Beast         Ice/Summ       54%        N/A       9%          4
 Summon Mana Viper        Hex/Summ       67%        N/A       9%          5
 Summon Forest            Summ/Tloc      32%        N/A       10%         5
 Alistair's Intoxication  Tmut/Pois      36%        N/A       22%         5
 Dispersal                Tloc           37%        N/A       24%         6
 Enfeeble                 Hex            39%        N/A       65%         7
 Summon Cactus Giant      Summ           27%        N/A       77%         6
 Monstrous Menagerie      Summ           27%        N/A       100%        7


Dungeon Overview and Level Annotations

Branches:
Dungeon (15/15)            Temple (1/1) D:6            Lair (5/5) D:8
 Shoals (4/4) Lair:2       Spider (4/4) Lair:3        Slime (0/5) Lair:4
    Orc (2/2) D:9             Elf (0/3) Orc:2        Vaults (2/5) D:13
 Depths (0/4) D:15         Bailey (visited)
  Crypt: Vaults:2-3

Altars:
Ashenzari
Cheibriados
Dithmenos
Elyvilon
Fedhas
Gozag
Hepliaklqana
Kikubaaqudgha
Makhleb
Nemelex Xobeh
Okawaru
Qazlal
Ru
Sif Muna
Trog
Uskayaw
Vehumet
Wu Jian
Xom
Yredelemnul
Zin
The Shining One
Jiyva

Shops:
D:1 ?   D:3 !   D:8 (   D:12 !   Orc:2 *!:(*   Shoals:2 *   Shoals:4 (!*[!
Vaults:2 ?

Annotations:
Lair:2 exclusion: oklob plant
Vaults:1 1 runed translucent door, Asumeq's ghost, veteran GrFi


Message History

Confirm with . or Enter, or press ? or * to list all spells.
You erupt in a blast of force!
The mystic blast hits the war gargoyle but does no damage.
The war gargoyle is moderately damaged.
The war gargoyle barely misses you.
Casting: Iskenderun's Mystic Blast (safe; 1% risk of failure)
Confirm with . or Enter, or press ? or * to list all spells.
You erupt in a blast of force!
The mystic blast hits the war gargoyle!
The war gargoyle is heavily damaged.
The war gargoyle is knocked back by the mystic blast.
The war gargoyle slams into the stone wall!
The war gargoyle hits you with a +0 flail.
Casting: Iskenderun's Mystic Blast (safe; 1% risk of failure)
Confirm with . or Enter, or press ? or * to list all spells.
You erupt in a blast of force!
The mystic blast hits the war gargoyle!
The war gargoyle is severely damaged.
The war gargoyle is knocked back by the mystic blast.
The war gargoyle slams into the stone wall!
The war gargoyle is severely damaged.
The war gargoyle hits you with a +0 flail!
An ironbound convoker comes into view.
It is wielding a +1 morningstar of protection.
Casting: Iskenderun's Mystic Blast (safe; 1% risk of failure)
Confirm with . or Enter, or press ? or * to list all spells.
You erupt in a blast of force!
The mystic blast hits the ironbound convoker!
The ironbound convoker is lightly wounded.
The ironbound convoker is knocked back by the mystic blast.
The mystic blast hits the war gargoyle but does no damage.
The war gargoyle is severely damaged.
The war gargoyle hits you with a +0 flail!
* * * LOW HITPOINT WARNING * * *
Casting: Iskenderun's Mystic Blast (safe; 1% risk of failure)
Confirm with . or Enter, or press ? or * to list all spells.
You erupt in a blast of force!
The mystic blast hits the war gargoyle but does no damage.
The war gargoyle is severely damaged.
The war gargoyle hits you with a +0 flail!!
* * * LOW HITPOINT WARNING * * *
The war gargoyle hits you with a +0 flail!!
You die...

#.......# +.).....#
###+##### #...<...#
#.......# #.......#
#######.......# #.>.....#
#.)...#.......# #.......#
#.p...'.......######'####
#(.)).'.......##....).#
+)....#9@.....##...)..#
#...) #.......##.)....#
##+# ######'###......#
#.....'......#
##...##......#
##...######### #..8..#
##...## ##...##


You could see a war gargoyle and an ironbound convoker.

Vanquished Creatures
  Bai Suzhen (Vaults:2)
  Jorgrun (D:14)
  Rupert (Lair:5)
  Mlioglotl (Spider:1)
  Agnes (D:15)
  2 emperor scorpions (Spider:4)
  5 ghost moths
  8 ironbound preservers
  4 vault wardens
  2 broodmothers
  A formless jellyfish (Vaults:1)
  4 ironbound thunderhulks
  Azrael (D:13)
  Snorg (D:11)
  4 spark wasps
  A crystal guardian (Vaults:1)
  An ettin (Orc:1)
  3 fire dragons
  7 merfolk impalers
  5 entropy weavers
  6 merfolk javelineers
  6 yaktaur captains
  Fannar (Lair:2)
  2 great orbs of eyes
  2 ice dragons
  Harold (D:10)
  An ogre mage (D:15)
  Erolcha (Orc:2)
  8 vault guards (D:13)
  A peacekeeper (Vaults:1)
  7 boulder beetles
  2 ironbound frosthearts
  5 merfolk avatars
  8 two-headed ogres
  A jorogumo (Spider:4)
  An alligator snapping turtle (Shoals:2)
  A satyr (Shoals:4)
  4 hydras
  2 merfolk aquamancers (Shoals:4)
  6 centaur warriors
  3 radroaches
  5 death yaks (Lair:4)
  A tengu warrior (D:13)
  6 demonic crawlers
  An orc high priest (Orc:2)
  9 skysharks
  Sonja (D:11)
  A fire crab (Shoals:1)
  16 sea snakes
  9 pharaoh ants
  2 sun moths (Spider:4)
  Lodul (D:10)
  17 deep trolls (Vaults:1)
  10 orb spiders
  A swamp dragon (Lair:5)
  2 lindwurms (shapeshifter) (Vaults:1)
  A phantasmal warrior (Vaults:1)
  6 steelbarb worms
  14 harpies
  An orc knight (Orc:1)
  An orange crystal statue (D:13)
  12 ironbound convokers
  5 lindwurms
  2 wizards (Vaults:2)
  An oklob plant (Lair:2)
  2 deep elf pyromancers (D:15)
  10 ugly things
  14 manticores
  16 wolf spiders
  3 fauns
  5 cyclopes
  A faun (shapeshifter) (Vaults:1)
  A moth of wrath (Spider:3)
  6 orc sorcerers
  Maurice (D:11)
  12 elephants
  42 slime creatures
  5 black mambas
  12 merfolk sirens
  7 torpor snails
  5 water nymphs
  4 vault sentinels
  12 cane toads
  An efreet (D:13)
  10 rime drakes
  5 komodo dragons
  20 yaktaurs
  2 trolls
  3 tyrant leeches (Lair:5)
  28 merfolk
  7 meliai
  A meliai (shapeshifter) (D:13)
  2 polar bears
  20 tarantellas
  9 wind drakes
  12 hornets
  19 blink frogs
  3 dream sheep (Shoals:2)
  17 jumping spiders
  8 snapping turtles
  A centaur simulacrum (D:14)
  16 culicivoras
  47 yaks
  A dancing weapon (Bailey)
  2 fire bats (Shoals:1)
  3 vampires
  A wraith (D:11)
  12 wyverns
  7 basilisks
  4 fire elementals (D:13)
  47 redbacks
  2 steam dragons
  10 vampire mosquitoes
  3 acid dragons
  4 wargs
  A hell hound (D:13)
  13 water moccasins
  A meliai simulacrum (D:15)
  A swamp drake (Lair:5)
  31 orc warriors
  3 ice beasts
  4 sky beasts
  6 black bears
  11 ogres
  9 wolves
  26 centaurs
  2 phantoms
  A kobold brigand (D:10)
  13 bullfrogs
  3 scorpions
  4 wights (D:6)
  6 killer bees
  5 electric eels
  9 howler monkeys
  2 lava snakes (D:13)
  7 hounds
  A jelly (D:7)
  27 orc priests
  3 gnoll boudas
  A sleepcap (D:6)
  8 iguanas
  30 orc wizards
  9 hell rats (Lair:4)
  11 adders
  10 gnolls
  A shadow imp (D:6)
  2 white imps
  A dart slug (D:1)
  85 orcs
  6 bats
  4 endoplasms
  5 giant cockroaches
  10 goblins
  3 hobgoblins
  11 kobolds
  2 quokkas
  5 ball pythons
  4 frilled lizards
  4 rats
1134 creatures vanquished.

Vanquished Creatures (collateral kills)
  A yaktaur captain (Vaults:2)
  An ironbound frostheart (Vaults:2)
  An orc warrior (D:9)
  2 ogres
  5 boulders
10 creatures vanquished.

Vanquished Creatures (others)
  7 dancing weapons (Bailey)
  5 boulders
  8 fire vortices (Vaults:2)
  62 fulminant prisms
82 creatures vanquished.

Grand Total: 1226 creatures vanquished

Notes
Turn   | Place    | Note
-------+----------+-------------------------------------------
     0 | D:1      | DocEon the Deep Elf Conjurer began the quest for the Orb.
     0 | D:1      | Reached XP level 1. HP: 10/10 MP: 6/6
   171 | D:1      | Reached XP level 2. HP: 15/15 MP: 4/8
   174 | D:1      | Learned a level 2 spell: Searing Ray
   378 | D:1      | Found a faded altar of an unknown god.
   402 | D:1      | Reached skill level 4 in Spellcasting
   733 | D:1      | Found Udyoff's Magic Scroll Shoppe.
   736 | D:1      | Bought a scroll of teleportation for 39 gold pieces
   736 | D:1      | Bought a scroll of identify for 26 gold pieces
   775 | D:1      | Reached XP level 3. HP: 19/19 MP: 8/10
  1008 | D:2      | Found an ornate altar of the Wu Jian Council.
  1253 | D:2      | You fall into a shaft and drop 1 floor!
  1322 | D:3      | Found Bupiop's Distillery.
  1329 | D:3      | Bought a potion of heal wounds for 55 gold pieces
  1870 | D:3      | Reached skill level 5 in Spellcasting
  1884 | D:3      | Reached skill level 5 in Conjurations
  1941 | D:3      | Found a hazy altar of Hepliaklqana.
  2437 | D:4      | Reached XP level 4. HP: 24/24 MP: 10/13
  2442 | D:4      | Learned a level 4 spell: Fulminant Prism
  2447 | D:4      | Learned a level 4 spell: Iskenderun's Mystic Blast
  2628 | D:4      | Noticed a black bear
  2632 | D:4      | Killed a black bear
  2633 | D:4      | Reached skill level 6 in Spellcasting
  2633 | D:4      | Reached skill level 1 in Hexes
  2633 | D:4      | Reached skill level 1 in Translocations
  2633 | D:4      | Reached XP level 5. HP: 28/28 MP: 8/15
  2841 | D:4      | Identified the +4 robe of the Illusory Xenops {Dex+3}
  2879 | D:4      | Noticed an ogre
  2884 | D:4      | Killed an ogre
  2885 | D:4      | Reached XP level 6. HP: 32/32 MP: 9/17
  3503 | D:5      | Entered Level 5 of the Dungeon
  3522 | D:5      | Noticed a water moccasin
  3539 | D:5      | Killed a water moccasin
  3540 | D:5      | Reached skill level 7 in Spellcasting
  3770 | D:5      | Reached XP level 7. HP: 36/36 MP: 13/19
  3997 | D:4      | Reached skill level 8 in Spellcasting
  4473 | D:5      | Reached XP level 8. HP: 41/41 MP: 14/22
  4634 | D:6      | Reached skill level 9 in Spellcasting
  4777 | D:6      | Learned a level 3 spell: Tukima's Dance
  4824 | D:6      | Found a staircase to the Ecumenical Temple.
  4911 | D:6      | Learned a level 3 spell: Sigil of Binding
  4913 | Temple   | Entered the Ecumenical Temple
  4929 | Temple   | Became a worshipper of Vehumet
  4962 | D:6      | Reached skill level 5 in Hexes
  5042 | D:6      | Reached skill level 10 in Spellcasting
  5468 | D:6      | Reached skill level 11 in Spellcasting
  5512 | D:6      | Reached XP level 9. HP: 45/45 MP: 15/26
  6073 | D:6      | Reached skill level 12 in Spellcasting
  6563 | D:6      | Reached * piety under Vehumet
  6563 | D:6      | Offered knowledge of Foxfire by Vehumet.
  6825 | D:6      | Identified a scroll of acquirement
  6825 | D:6      | Acquired 1192 gold pieces
  6960 | D:7      | Reached skill level 13 in Spellcasting
  7289 | D:7      | Identified the +0 pair of gloves of the Doldrums {rC+ Will+
                  | Str+3}
  7577 | D:7      | Reached skill level 14 in Spellcasting
  7871 | D:7      | Found an iron altar of Okawaru.
  7871 | D:7      | Found a glowing silver altar of Zin.
  8196 | D:8      | Found a flagged portal.
  8200 | D:8      | Offered knowledge of Scorch by Vehumet.
  8203 | D:8      | Reached ** piety under Vehumet
  8204 | D:8      | Reached XP level 10. HP: 50/50 MP: 25/30
  8234 | Bailey   | Entered a bailey
  8585 | Bailey   | Reached skill level 10 in Conjurations
  8711 | Bailey   | Reached skill level 15 in Spellcasting
  8733 | Bailey   | Offered knowledge of Momentum Strike by Vehumet.
  9760 | Bailey   | Reached *** piety under Vehumet
  9984 | Bailey   | Reached skill level 16 in Spellcasting
 10330 | Bailey   | Reached XP level 11. HP: 61/61 MP: 33/33
 10432 | D:8      | Found an opulent altar of Gozag.
 10791 | D:8      | Found a staircase to the Lair.
 10851 | D:8      | Offered knowledge of Brom's Barrelling Boulder by Vehumet.
 10857 | D:8      | Learned a level 4 spell: Brom's Barrelling Boulder
 11526 | D:8      | Found Egodicohua's Weapon Emporium.
 11627 | D:9      | Found a shimmering altar of Xom.
 11633 | D:9      | Reached skill level 17 in Spellcasting
 11696 | D:9      | Reached **** piety under Vehumet
 11727 | D:9      | Found a staircase to the Orcish Mines.
 11866 | D:9      | Reached XP level 12. HP: 66/66 MP: 25/35
 11958 | D:9      | Offered knowledge of Ignite Poison by Vehumet.
 12020 | D:9      | Learned a level 2 spell: Static Discharge
 12168 | D:9      | Noticed a two-headed ogre
 12175 | D:9      | Killed a two-headed ogre
 12176 | D:9      | Reached skill level 1 in Air Magic
 12342 | D:9      | Found a radiant altar of Vehumet.
 12730 | D:9      | Learned a level 4 spell: Airstrike
 12842 | D:10     | Entered Level 10 of the Dungeon
 12981 | D:10     | Noticed Harold
 13007 | D:10     | Killed Harold
 13302 | D:10     | Noticed Lodul
 13322 | D:10     | Killed Lodul
 13323 | D:10     | Reached skill level 18 in Spellcasting
 14182 | D:10     | Noticed a two-headed ogre
 14186 | D:10     | Killed a two-headed ogre
 14302 | Lair:1   | Entered Level 1 of the Lair of Beasts
 14999 | Lair:1   | Reached ***** piety under Vehumet
 15000 | Lair:1   | Reached skill level 19 in Spellcasting
 15094 | Lair:1   | Offered knowledge of Irradiate by Vehumet.
 16282 | Lair:2   | Reached XP level 13. HP: 70/70 MP: 29/38
 16941 | Lair:2   | Noticed Fannar
 16946 | Lair:2   | Killed Fannar
 16947 | Lair:2   | Reached skill level 20 in Spellcasting
 17189 | Lair:2   | Found a staircase to the Shoals.
 18082 | Lair:3   | Found a hole to the Spider Nest.
 18385 | Lair:3   | Reached skill level 21 in Spellcasting
 18519 | Lair:2   | Learned a level 5 spell: Irradiate
 19608 | Lair:4   | Reached skill level 22 in Spellcasting
 20144 | Lair:4   | Found a viscous altar of Jiyva.
 20145 | Lair:4   | Found a staircase to the Slime Pits.
 20232 | Lair:4   | Reached XP level 14. HP: 68/76 MP: 6/42
 20994 | Lair:5   | Entered Level 5 of the Lair of Beasts
 21145 | Lair:5   | Offered knowledge of Olgreb's Toxic Radiance by Vehumet.
 21346 | Lair:5   | Learned a level 6 spell: Starburst
 21411 | Lair:5   | Reached skill level 15 in Conjurations
 21419 | Lair:5   | Reached skill level 23 in Spellcasting
 21868 | Lair:5   | Found a runed translucent door.
 22573 | Lair:5   | Noticed Rupert
 22591 | Lair:5   | Killed Rupert
 23184 | Lair:5   | Reached skill level 1 in Fire Magic
 23871 | Lair:5   | Reached skill level 24 in Spellcasting
 24419 | Orc:1    | Entered Level 1 of the Orcish Mines
 24813 | Orc:2    | Entered Level 2 of the Orcish Mines
 24813 | Orc:2    | Found a staircase to the Elven Halls.
 25085 | Orc:2    | Noticed Erolcha
 25092 | Orc:2    | Killed Erolcha
 25708 | Orc:2    | Reached ****** piety under Vehumet
 25953 | Orc:2    | Found Ebbaham's General Store.
 25961 | Orc:2    | Bought a potion of heal wounds for 65 gold pieces
 25961 | Orc:2    | Bought a scroll of blinking for 97 gold pieces
 26223 | Orc:2    | Found Edaul's Distillery.
 26223 | Orc:2    | Found Qiaruig's Assorted Antiques.
 26224 | Orc:2    | Found Hiplacwu's Book Boutique.
 26242 | Orc:2    | Found Fapnen's Weapon Boutique.
 26245 | Orc:2    | Bought 2 potions of heal wounds for 140 gold pieces
 26245 | Orc:2    | Bought a potion of heal wounds for 70 gold pieces
 26245 | Orc:2    | Bought a potion of haste for 140 gold pieces
 26245 | Orc:2    | Bought a potion of invisibility for 112 gold pieces
 26247 | Orc:2    | Bought a book of the Spheres for 832 gold pieces
 26253 | Orc:2    | Learned a level 5 spell: Iskenderun's Battlesphere
 26259 | Orc:2    | Learned a level 5 spell: Fireball
 26267 | Orc:2    | Learned a level 7 spell: Orb of Destruction
 26268 | Orc:2    | Bought 2 scrolls labelled VAEQUCK GEUF for 64 gold pieces
 26360 | Orc:1    | Reached XP level 15. HP: 80/80 MP: 22/45
 26702 | D:11     | Offered knowledge of Ozocubu's Refrigeration by Vehumet.
 26703 | D:11     | Noticed Sonja
 26704 | D:11     | Killed Sonja
 26741 | D:11     | Noticed Snorg
 26749 | D:11     | Killed Snorg
 27042 | D:11     | Found a gateway to a bazaar.
 27079 | D:11     | Noticed Maurice
 27089 | D:11     | Killed Maurice
 27294 | Bazaar   | Entered a bazaar
 27310 | Bazaar   | Found Owukloum's Magic Scroll Shop.
 27315 | Bazaar   | Bought a scroll of teleportation for 54 gold pieces
 27315 | Bazaar   | Bought a scroll of revelation for 135 gold pieces
 27315 | Bazaar   | Bought a scroll of fear for 72 gold pieces
 27343 | Bazaar   | Found Ohiq's Magic Scroll Shop.
 27347 | Bazaar   | Bought a scroll of acquirement for 728 gold pieces
 27347 | Bazaar   | Bought a scroll of teleportation for 42 gold pieces
 27347 | Bazaar   | Bought a scroll of enchant armour for 105 gold pieces
 27365 | Bazaar   | Found Foivvusm's Distillery.
 27391 | Bazaar   | Found Voacveih's Distillery.
 27421 | Bazaar   | Bought a potion of magic for 88 gold pieces
 27421 | Bazaar   | Bought a potion of magic for 88 gold pieces
 27421 | Bazaar   | Bought a potion of magic for 88 gold pieces
 27441 | Bazaar   | Bought a potion of haste for 150 gold pieces
 27465 | Bazaar   | Bought a scroll of revelation for 105 gold pieces
 27465 | Bazaar   | Acquired the +8 lance "Wyrmbane" {slay drac, rPois rF+ rC+
                  | AC+3}
 27465 | Bazaar   | Found the +8 lance "Wyrmbane" {slay drac, rPois rF+ rC+
                  | AC+3}
 28214 | D:12     | Found a hide-covered altar of Uskayaw.
 28607 | D:12     | Found Fuol's Distillery.
 28616 | D:12     | Bought 2 potions of heal wounds for 160 gold pieces
 28616 | D:12     | Bought a potion of haste for 160 gold pieces
 28921 | D:13     | Found a gate to the Vaults.
 28924 | D:13     | Reached skill level 5 in Fire Magic
 28925 | D:13     | Reached skill level 1 in Polearms
 28925 | D:13     | Offered knowledge of Arcjolt by Vehumet.
 30333 | D:13     | Noticed Azrael
 30336 | D:13     | Killed Azrael
 30337 | D:13     | Reached skill level 25 in Spellcasting
 30456 | D:14     | Noticed Jorgrun
 30463 | D:14     | Killed Jorgrun
 30652 | D:14     | Reached skill level 5 in Fighting
 30743 | D:14     | Reached skill level 5 in Stealth
 31489 | D:15     | Entered Level 15 of the Dungeon
 31492 | D:15     | Reached skill level 10 in Dodging
 31609 | D:15     | Noticed Agnes
 31613 | D:15     | Killed Agnes
 31626 | D:15     | Reached XP level 16. HP: 87/87 MP: 29/47
 31914 | D:15     | Found a staircase to the Depths.
 32004 | D:15     | Found a stormy altar of Qazlal.
 32213 | Spider:1 | Entered Level 1 of the Spider Nest
 32480 | Spider:1 | Noticed Mlioglotl
 32485 | Spider:1 | Killed Mlioglotl
 32491 | Spider:1 | Offered knowledge of Spellforged Servitor by Vehumet.
 33756 | Spider:2 | Reached skill level 26 in Spellcasting
 35023 | Spider:3 | Offered knowledge of Bombard by Vehumet.
 35528 | Spider:3 | Reached XP level 17. HP: 92/92 MP: 49/49
 35897 | Spider:3 | Identified the +1 rapier of Palouf {freeze, rN+ Will-
                  | Dex+2}
 36114 | Spider:4 | Entered Level 4 of the Spider Nest
 36602 | Spider:4 | Reached skill level 5 in Polearms
 37036 | Spider:4 | Reached skill level 27 in Spellcasting
 37346 | Spider:4 | Got a gossamer rune of Zot
 37580 | Shoals:1 | Entered Level 1 of the Shoals
 37586 | Shoals:1 | Offered knowledge of Lehudib's Crystal Spear by Vehumet.
 38193 | Shoals:1 | Identified the +0 leather armour of Fedhas's Vengeance
                  | {rElec Int+4}
 38405 | Shoals:1 | Reached skill level 1 in Shields
 39012 | Shoals:2 | Identified the +10 flail "Lahiusod" {drain, Fly rF+}
 39260 | Shoals:2 | Found Epeveimn's Gadget Gallery.
 39989 | Shoals:3 | Offered knowledge of Fire Storm by Vehumet.
 39989 | Shoals:3 | Offered knowledge of Polar Vortex by Vehumet.
 39989 | Shoals:3 | Offered knowledge of Ignition by Vehumet.
 40001 | Shoals:3 | Learned a level 9 spell: Fire Storm
 40545 | Shoals:4 | Entered Level 4 of the Shoals
 40610 | Shoals:4 | Found Haisu's Antique Weapon Boutique.
 40708 | Shoals:4 | Identified the +1 pair of gloves of Fortitude {rF+ Str-3
                  | SInv}
 40724 | Shoals:4 | Reached XP level 18. HP: 96/96 MP: 51/51
 40793 | Shoals:4 | Found Poucukku's Armour Boutique.
 40798 | Shoals:4 | Found Zuona Uxzum's Distillery.
 40806 | Shoals:4 | Bought 2 potions of heal wounds for 190 gold pieces
 40806 | Shoals:4 | Bought a potion of mutation for 152 gold pieces
 40914 | Shoals:4 | Reached skill level 10 in Fire Magic
 41342 | Shoals:4 | Reached skill level 5 in Shields
 41757 | Shoals:4 | Got a barnacled rune of Zot
 41940 | Shoals:4 | Found Taarast's Distillery.
 42049 | Shoals:4 | Found Zuipaigh's Specific Store.
 42053 | Shoals:4 | Found Fymasm's General Store.
 42067 | Shoals:4 | Bought 3 scrolls of enchant armour for 292 gold pieces
 42401 | Vaults:1 | Entered Level 1 of the Vaults
 43579 | Vaults:1 | Found a runed translucent door.
 43579 | Vaults:1 | Noticed Asumeq's ghost (veteran GrFi)
 44176 | Vaults:1 | Identified the +4 pair of gloves "Neatos" {Drain rC+ rN++
                  | rCorr}
 45284 | Vaults:2 | Noticed Bai Suzhen
 45288 | Vaults:2 | Reached XP level 19. HP: 83/100 MP: 45/52
 45290 | Vaults:2 | Killed Bai Suzhen
 45707 | Vaults:2 | Found Nytsinov's Magic Scroll Emporium.
 45710 | Vaults:2 | Bought 2 scrolls of blinking for 180 gold pieces
 45710 | Vaults:2 | Bought a scroll of teleportation for 36 gold pieces
 45710 | Vaults:2 | Bought a scroll of teleportation for 36 gold pieces
 45949 | Vaults:2 | HP: 4/100 [war gargoyle/+0 flail (22)]
 45949 | Vaults:2 | Demolished by a war gargoyle

Illustrated notes

Levels and vault maps discovered:
D:1:      minmay_arrival_wavy_path, layout_rooms, serial_shops,
          nicolae_shop_real_fake_doors, hellmonk_ecumenical_altar_inner_sanctum,
          minmay_cut_off
D:2:      layout_loops_cross, basic_altar, serial_park_tiny_pond
D:3:      layout_basic, mainiacjoe_overflow_chevrons, serial_shops,
          nicolae_shop_gibbet_a_chance, minmay_misc_feat_tiny,
          hangedman_decor_riveting, chequers_serial_rivers_micro_a,
          minmay_misc_feat_chi
D:4:      layout_layer_cave
D:5:      layout_basic, feat_on_display
D:6:      minmay_razor_zed, layout_basic, minmay_temple_entry_offerings,
          minmay_quadrilaterals
D:7:      layout_loops_ring, gammafunk_temple_overflow_wave, serial_bayou,
          serial_bayou_crossing, serial_bayou_pond_b, serial_bayou_pond_e,
          serial_bayou_pond_b
D:8:      minmay_goldmine, layout_loops_ring, mainiacjoe_overflow_paths,
          david_lair_shrubbed, enter_bailey_5,
          nicolae_ossuary_entry_false_entrances, serial_shops, shop,
          minmay_misc_feat_more_columns
D:9:      layout_basic, david_orc_2, hangedman_decor_opposing, chequers_avenue,
          hangedman_feature_mirror, minmay_strange_pillars,
          minmay_sticks_and_stones
D:10:     layout_basic, minmay_statues_item, uniq_harold, uniq_lodul
D:11:     layout_loops_cross, serial_shops, bzr_entry_lakeside, uniq_snorg,
          uniq_maurice, uniq_sonja
D:12:     layout_loops_cross, serial_shops, nicolae_shop_peninsula,
          nicolae_uskayaw_dance_hall
D:13:     layout_loops_corners, erik_vaults_2, corexii_leaking_fountain,
          minivault_25_ag, disabler_island, uniq_azrael
D:14:     layout_basic, minmay_staircase_windowed_small, serial_curves,
          eino_curves_02, eino_curves_02, uniq_jorgrun
D:15:     grunt_enter_depths_hoard, layout_cave_pools,
          nicolae_qazlal_general_emergency, uniq_agnes
Temple:   regret_index_temple_mists
Lair:1:   layout_chaotic_city, serial_rivers, chequers_serial_rivers_micro_a,
          chequers_serial_rivers_room_b, chequers_serial_rivers_micro_e,
          chequers_serial_rivers_micro_b, chequers_serial_rivers_large_a,
          chequers_serial_rivers_room_b
Lair:2:   minmay_lair_oklob_tunnel, layout_regular_city,
          elwin_shoals_entry_stream, uniq_fannar
Lair:3:   layout_concentric_octagons, nicolae_spider_entry_lesser_pyramids,
          grunt_megastairs_5, lemuel_fruit_tree
Lair:4:   layout_roguey [special_room_mythical_zoo], slime_entry_1,
          chequers_serial_rivers_marsh, chequers_serial_rivers_small_b
Lair:5:   wormcave, layout_cave_pods, guppyfry_lair_end_dragon,
          lemuel_fruit_fields, uniq_rupert
Shoals:1: layout_shoals, nicolae_shoals_square_sea_wall,
          nicolae_shoals_land_atoll, nicolae_shoals_seven_spires,
          hangedman_shoal_volcano
Shoals:2: layout_shoals, nicolae_shop_gadgets
Shoals:3: layout_shoals
Shoals:4: shoals_end_simple, layout_shoals, serial_shops, shop,
          nicolae_shop_industrial_runoff, shop, shop, nicolae_specific_store
Spider:1: layout_chambers, nicolae_spider_eight_legs, uniq_mlioglotl
Spider:2: layout_spider_delve
Spider:3: layout_spider_delve, dreamdust_wasp_nest
Spider:4: hellmonk_spider_rune_bug_friends
Orc:1:    layout_caves, basic_altar
Orc:2:    st_orc_mages, layout_caves, serial_shops, shop, uniq_erolcha
Vaults:1: ebering_ghost_inner_flame, nicolae_vaults_sightless_eye, v_misc_10,
          nicolae_vaults_security_offices_3, hangedman_vaults_maws,
          vaults_room_grid, nicolae_vaults_yaktaur_gun_rack,
          hangedman_vaults_nails, vaults_room_pool,
          nicolae_vaults_diagonal_hallway_6, vaults_mumra_hexcomb,
          layout_vaults_omnigrid
Vaults:2: ebering_ghost_disaster_area, minmay_crypt_entry_simple_walls,
          ontoclasm_vaults_spin, v_rooms_5,
          nicolae_vaults_storing_the_good_stuff, grunt_vaults_hallway_short,
          v_alt_pattern_6, nicolae_vaults_more_shelving_1,
          nicolae_vaults_wine_cellar, nicolae_vaults_shrinking_rooms_2,
          vaults_room_pool, nicolae_vaults_prndl, layout_vaults_maze_bifur,
          serial_shops, nicolae_shop_rolled_up, uniq_bai_suzhen

Skill      XL: |  1  2  3  4  5  6  7  8  9 10 11 12 13 14 15 16 17 18 19 |
---------------+----------------------------------------------------------+-----
Spellcasting   | 4 5 6 7 8 11 14 16 17 19 22 24 25 26 27 | 27.0
Conjurations   | 5 6 7 9 10 11 12 14 16 17 18 20 21 | 21.6
Hexes          | 1 2 3 4 5 |  5.0
Translocations | 1 2 3 4 |  4.0
Fighting       | 4 5 |  5.0
Dodging        | 8 10 | 10.0
Air Magic      | 4 |  4.0
Fire Magic     | 3 5 7 9 12 13 | 13.2
Stealth        | 5 |  5.0
Polearms       | 2 4 6 |  6.0
Shields        | 4 6 |  6.6

Action                     |  1- 3 |  4- 6 |  7- 9 | 10-12 | 13-15 | 16-18 | 19-21 || total
---------------------------+-------+-------+-------+-------+-------+-------+-------++-------
  Melee: Dagger            |       |     1 |     7 |    24 |       |       |       ||    32
         Punch             |       |       |     1 |     1 |       |       |       ||     2
         Staff             |       |       |       |    10 |     1 |       |       ||    11
         Lance             |       |       |       |       |    33 |    19 |       ||    52
   Cast: Magic Dart        |    75 |    41 |   124 |   275 |   231 |     1 |       ||   747
         Searing Ray       |       |     5 |    41 |    11 |    30 |     1 |       ||    88
         Fulminant Prism   |       |       |    11 |    35 |    15 |     1 |       ||    62
         Iskenderun's Myst |       |       |    10 |   112 |   229 |   129 |    11 ||   491
         Sigil of Binding  |       |       |     7 |    16 |     2 |       |       ||    25
         Tukima's Dance    |       |       |     3 |    15 |     1 |       |       ||    19
         Brom's Barrelling |       |       |       |    12 |     1 |       |       ||    13
         Static Discharge  |       |       |       |    10 |     1 |       |       ||    11
         Airstrike         |       |       |       |     3 |    92 |    18 |       ||   113
         Irradiate         |       |       |       |       |     3 |       |       ||     3
         Starburst         |       |       |       |       |    88 |    19 |       ||   107
         Fireball          |       |       |       |       |   138 |   355 |    12 ||   505
         Orb of Destructio |       |       |       |       |    30 |   163 |    10 ||   203
         Fire Storm        |       |       |       |       |       |     1 |     1 ||     2
  Evoke: Wand              |       |       |     6 |     3 |     9 |     1 |       ||    19
    Use: Scroll            |     4 |     4 |     7 |     2 |    10 |     7 |       ||    34
         Potion            |       |     1 |       |     1 |     3 |     2 |       ||     7
 Armour: Robe              |     2 |    15 |    58 |   107 |   121 |    51 |       ||   354
         Leather armour    |       |       |       |       |       |    54 |    10 ||    64
  Dodge: Dodged            |     6 |     4 |    40 |   101 |   143 |   103 |     2 ||   399
  Block: Other             |       |       |       |    18 |    32 |       |       ||    50
         Reflection        |       |       |       |     4 |     2 |       |       ||     6
         Buckler           |       |       |       |       |       |    12 |     2 ||    14

Table legend: (Time is in decaauts)
 A = Elapsed time spent in this place.
 B = Non-inter-level travel time spent in this place.
 C = Inter-level travel time spent in this place.
 D = Time resting spent in this place.
 E = Time spent auto-exploring this place.
 F = Levels seen in this place.
 G = Mean time per level.
                   A        B        C        D        E       F      G
               +--------+--------+--------+--------+--------+-----+--------+
         Total |  46336 |  44244 |   2092 |  14766 |  22954 |  35 | 1323.9 |
       Dungeon |  17884 |  16988 |    896 |   3336 |  11651 |  15 | 1192.3 |
        Temple |     43 |      3 |     40 |      0 |      0 |   1 |   43.0 |
          Lair |  10806 |  10311 |    495 |   5153 |   3771 |   5 | 2161.2 |
        Shoals |   4354 |   4167 |    187 |   1289 |   2193 |   4 | 1088.5 |
   Spider Nest |   5313 |   4929 |    384 |   1628 |   2688 |   4 | 1328.2 |
  Orcish Mines |   2085 |   2017 |     68 |    989 |    694 |   2 | 1042.5 |
        Vaults |   3547 |   3528 |     19 |   1239 |   1377 |   2 | 1773.5 |
        Bazaar |    188 |    188 |      0 |      0 |    119 |   1 |  188.0 |
        Bailey |   2112 |   2112 |      0 |   1132 |    459 |   1 | 2112.0 |
               +--------+--------+--------+--------+--------+-----+--------+

Top non-repeatable levels by time:
  Lair:5: 3244 daAuts
  Lair:2: 2830 daAuts
Vaults:1: 2358 daAuts
     D:6: 2324 daAuts
  Bailey: 2112 daAuts
  Lair:3: 2063 daAuts
Spider:1: 1927 daAuts
    D:13: 1643 daAuts
    D:10: 1498 daAuts
Shoals:4: 1495 daAuts
     D:9: 1482 daAuts
     D:8: 1465 daAuts
  Lair:1: 1371 daAuts
  Lair:4: 1296 daAuts
     D:7: 1251 daAuts
